 Seeded DCSS version 0.31-a0-1161-g593ecc8 (webtiles) character file.

Game seed: 100574766925336005 (custom seed)

1 PidgeyThePirate the Magician (level 1, -1/9 HPs)
             Began as a Felid Hedge Wizard on Dec 8, 2023.
             Slain by a jackal (2 damage)
             ... on level 1 of the Dungeon.
             The game lasted 00:00:56 (45 turns).

PidgeyThePirate the Magician (Felid Hedge Wizard)     Turns: 45, Time: 00:00:56

Health: -1/9       AC:  1    Str:  6    XL:     1   Next: 16%
Magic:  5/5        EV: 17    Int: 17    God:
Gold:   0          SH:  0    Dex: 15    Spells: 5/6 levels left
                                        Lives:  0   Deaths: 1

rFire   . . .        (weapon unavailable)
rCold   . . .        (shield unavailable)
rNeg    . . .        (body armour unavailable)
rPois   .            (helmet unavailable)
rElec   .            (cloak unavailable)
rCorr   .            (gloves unavailable)
SInv    +            (boots unavailable)
Will    .....        (no amulet)
Stlth   ++           (no ring)
HPRegen 0.21/turn    (no ring)
MPRegen 0.09/turn

%: no passive effects
@: no status effects
A: very small, claws 1, fangs 3, see invisible, shaggy fur 1, stealthy paws, no
weapons or thrown items, no armour, multi-lived
a: no special abilities


You were on level 1 of the Dungeon.
You visited 1 branch of the dungeon, and saw 1 of its levels.

Inventory:

Potions
 a - a potion of magic


   Skills:
 + Level 2.6 Dodging
 + Level 2.6 Stealth
 + Level 3.0 Spellcasting
 + Level 0.8 Conjurations
 + Level 1.0 Summonings
 + Level 1.5 Translocations


You had 5 spell levels left.
You knew the following spells:

 Your Spells              Type           Power      Damage    Failure   Level
a - Magic Dart            Conj           20%        1d4       12%         1

Your spell library contained the following spells:

 Spells                   Type           Power      Damage    Failure   Level
 Blink                    Tloc           14%        N/A       14%         2
 Slow                     Hex            8%         N/A       17%         1
 Call Imp                 Summ           12%        N/A       17%         2
 Cigotuvi's Dreadful Rot  Necr/Pois/Air  4%         N/A       26%         2
 Mephitic Cloud           Conj/Pois/Air  3%         N/A       43%         3


Dungeon Overview and Level Annotations

Branches:
Dungeon (1/15)

Altars:


Innate Abilities, Weirdness & Mutations

You have sharp claws.
You have razor-sharp teeth.
You have supernaturally acute eyesight. (SInv)
You are covered in fur. (AC +1)
Your paws help you pounce on unaware monsters.
You are incapable of wielding weapons or throwing items.
You cannot wear armour.
You gain extra lives every three experience levels.


Message History

Aim: a jackal (heavily wounded, 100% to hit)
The magic dart hits the jackal.
The jackal is almost dead.
The jackal bites you.
You scratch the jackal but do no damage.
The jackal is almost dead.
The jackal bites you. The jackal misses you.
A jackal comes into view.
The jackal bites you.
* * * LOW HITPOINT WARNING * * *
The jackal closely misses you.
The jackal barks!
You scratch the jackal.
You kill the jackal!
The jackal completely misses you. The jackal attacks as it pursues you!
The jackal bites you but does no damage.
The jackal bites you.
You die...
You rejoin the land of the living...
A giant cockroach comes into view.
A rat comes into view.
Unknown command.
Unknown command.
Welcome back, PidgeyThePirate the Felid Hedge Wizard.
Game seed: 100574766925336005 (custom seed) Press ? for a list of commands and other information.
The rat bites you. The jackal barely misses you. The jackal misses you.
The giant cockroach closely misses you. The rat bites you.
You closely miss the jackal. The jackal closely misses you. x2
The giant cockroach completely misses you.
The rat twitches its whiskers.
The rat barely misses you. The jackal misses you.
The rat completely misses you. The jackal bites you.
The jackal attacks as it pursues you! The jackal closely misses you.
The jackal bites you. The jackal misses you.
The jackal attacks as it pursues you! The jackal bites you.
* * * LOW HITPOINT WARNING * * *
The jackal bites you.
You die...

#...###...#
.##...#...##
#.#...#...#
#.##.....##
#.##.....#
#.###.†.## #.#
#...#
###.###...#
#.....#'h@#
#.###.#rh.# ..
###...B.####.
#.#
#............# #
#.....[..#######
###....###
#..#.# ....#.#
###..#.#


You could see 2 jackals, a giant cockroach and a rat.

Vanquished Creatures
  A jackal (D:1)
1 creature vanquished.

Notes
Turn   | Place    | Note
-------+----------+-------------------------------------------
     0 | D:1      | PidgeyThePirate the Felid Hedge Wizard began the quest for
                  | the Orb.
     0 | D:1      | Reached XP level 1. HP: 9/9 MP: 5/5
    35 | D:1      | Slain by a jackal
    45 | D:1      | Slain by a jackal

Illustrated notes

Levels and vault maps discovered:
D:1:      lemuel_arrival_funnel, layout_loops_ring

Action                     || total
---------------------------++-------
  Melee: Unarmed           ||     3
   Cast: Magic Dart        ||     4
 Armour: Skin              ||    12
  Dodge: Dodged            ||    14

Table legend: (Time is in decaauts)
 A = Elapsed time spent in this place.
 B = Non-inter-level travel time spent in this place.
 C = Inter-level travel time spent in this place.
 D = Time resting spent in this place.
 E = Time spent auto-exploring this place.
 F = Levels seen in this place.
 G = Mean time per level.
                   A        B        C        D        E       F      G
               +--------+--------+--------+--------+--------+-----+--------+
         Total |     45 |     21 |     24 |      0 |      0 |   1 |   45.0 |
       Dungeon |     45 |     21 |     24 |      0 |      0 |   1 |   45.0 |
               +--------+--------+--------+--------+--------+-----+--------+

Top non-repeatable levels by time:
     D:1: 45 daAuts
